 Dungeon Crawl Stone Soup version 0.31-a0-865-g3d5d91748a (webtiles) character file.

Game seed: 3274623617806391561

95 fozzywoppz the Insei (level 4, -5/30 (33) HPs)
             Began as a Demonspawn Gladiator on Oct 10, 2023.
             Slain by Edmund
             ... wielding a +6 dire flail of draining
              (12 damage)
             ... on level 4 of the Dungeon.
             The game lasted 00:04:16 (2002 turns).

fozzywoppz the Insei (Demonspawn Gladiator)         Turns: 2002, Time: 00:04:17

HP:   -5/30 (33)    AC:  6    Str: 14    XL:     4   Next: 39%
MP:   4/4           EV: 11    Int: 10    God:
Gold: 50            SH:  5    Dex: 16    Spells: 3/3 levels left

rFire   . .          .
                       - Unarmed
rCold   . . .        l - +1 buckler
rNeg    . . .        j - +0 ring mail
rPois   .            b - +0 helmet
rElec   .            (no cloak)
rCorr   .            (no gloves)
SInv    .            (no boots)
Will    .....        (no amulet)
Stlth   +            (no ring)
HPRegen 0.25/turn    (no ring)
MPRegen 0.09/turn

%: no passive effects
@: drained
A: claws 2
a: no special abilities


You were on level 4 of the Dungeon.
You visited 1 branch of the dungeon, and saw 4 of its levels.

You collected 126 gold pieces.
You spent 76 gold pieces at shops.

Inventory:

Hand Weapons
 i - a +1 short sword of venom
Missiles
 c - 3 throwing nets (quivered)
 d - a javelin
Armour
 b - a +0 helmet (worn)
 j - a +0 ring mail (worn)
 l - a +1 buckler (worn)
Talismans
 a - a serpent talisman
Scrolls
 k - 3 scrolls of identify
Potions
 f - 2 potions of brilliance
 h - a potion of cancellation {unknown}
 m - a potion of lignification {unknown}


   Skills:
 + Level 2.1 Fighting
 - Level 1.8 Throwing
 + Level 1.5 Armour
 - Level 3.0 Dodging
 + Level 0.1 Shields
 + Level 4.0 Unarmed Combat


You had 3 spell levels left.
You didn't know any spells.
Your spell library contained the following spells:

 Spells                   Type           Power      Damage    Failure   Level
 Ignite Poison            Fire/Tmut/Pois 0%         N/A       97%         3
 Sticky Flame             Conj/Fire      0%         2d3       100%        4
 Ignition                 Fire           0%         3d3       100%        8


Dungeon Overview and Level Annotations

Branches:
Dungeon (4/15)
 Temple: D:4-7

Altars:

Shops:
D:2 *

Annotations:
D:3 Pargi
D:4 Edmund


Innate Abilities, Weirdness & Mutations

You have very sharp fingernails.


Message History

You add the spells Ignite Poison, Sticky Flame and Ignition to your library.
Found a stone staircase leading up.
A hound and a phantom come into view.
The hound barks!
You hear a shout!
The hound moves out of view.
An ogre comes into view. It is wielding a +0 giant spiked club.
The ogre shouts!
The phantom closely misses you.
You barely miss the phantom. The phantom closely misses you.
You scratch the phantom.
The phantom is lightly damaged.
You scratch the phantom but do no damage.
The phantom is lightly damaged.
The phantom hits you but does no damage.
The phantom attacks as it pursues you! The phantom hits you.
The phantom blinks!
You blink.
Edmund and an adder come into view.
Edmund is wielding a +6 dire flail of draining and wearing a +3 ring mail of positive energy.
Edmund shouts!
The adder hisses angrily.
The ogre barely misses you.
Edmund hits you with a +6 dire flail of draining.
You feel drained.
The phantom hits you but does no damage.
Unknown command.
As you read the scroll labelled HUTURE JECRIUDD, it crumbles to dust.
It is a scroll of enchant armour.
Your +0 buckler glows green for a moment.
Edmund hits you with a +6 dire flail of draining!
You feel drained. You block the phantom's attack.
The hound pauses to sniff the ground.
The hound bites you.
* * * LOW HITPOINT WARNING * * *
The ogre barely misses you.
Okay, then.
Okay, then.
It was a potion of magic.
Magic courses through your body. The hound bites you but does no damage.
You block the adder's attack.
Edmund hits you with a +6 dire flail of draining!
You die...
Edmund whines, "They better pay attention to me now!"

#..# #..# #.. #####..##
#.# #.......# #.#
#.#####.# ##.## #.#
#.## #...# # #.#
#.##.##...##.# #.#
#.##...h.....#..
##.#####......O@S......
#...##>####...W.@......
#.......# #.##.........
#..<##.## # ..........#
######.# ####.##...##
#.# #.. ...# #.# #.#
#.# #.# #.# .# #.# #.#
#


You could see Edmund, an ogre, a phantom, a hound and an adder.

Vanquished Creatures
  4 adders
  2 worms (D:2)
  3 ball pythons (D:2)
  3 endoplasms
  3 giant cockroaches
  6 goblins
  4 hobgoblins
  8 jackals (D:2)
  6 bats
  4 frilled lizards
  5 kobolds
  3 rats
51 creatures vanquished.

Notes
Turn   | Place    | Note
-------+----------+-------------------------------------------
     0 | D:1      | fozzywoppz the Demonspawn Gladiator began the quest for the
                  | Orb.
     0 | D:1      | Reached XP level 1. HP: 16/16 MP: 1/1
    77 | D:1      | Reached skill level 3 in Unarmed Combat
   340 | D:1      | Gained mutation: You have sharp fingernails. [demonic
                  | ancestry]
   340 | D:1      | Reached XP level 2. HP: 22/22 MP: 2/2
  1017 | D:2      | Gained mutation: You have very sharp fingernails. [demonic
                  | ancestry]
  1017 | D:2      | Reached XP level 3. HP: 27/27 MP: 3/3
  1244 | D:2      | Reached skill level 1 in Armour
  1277 | D:2      | Found Retakhim's Assorted Antiques.
  1292 | D:2      | Bought a buckler for 76 gold pieces
  1704 | D:2      | Reached XP level 4. HP: 32/33 MP: 4/4
  1881 | D:3      | Noticed Pargi
  1947 | D:3      | Reached skill level 4 in Unarmed Combat
  1967 | D:3      | You fall into a shaft and drop 1 floor!
  1994 | D:4      | Noticed a phantom
  1995 | D:4      | Noticed an ogre
  1999 | D:4      | Noticed Edmund
  2002 | D:4      | Slain by Edmund

Illustrated notes

Levels and vault maps discovered:
D:1:      dpeg_arrival_shrine, layout_loops_ring
D:2:      layout_basic, serial_shops, nicolae_shop_crystal,
          wander_ebering_terrifying_dragon_lair
D:3:      layout_basic, ebering_ecumenical_altar_hall, uniq_pargi
D:4:      layout_loops_ring, portal_sewer_entry_b, uniq_edmund, uniq_grinder

Skill      XL: |  1  2  3  4 |
---------------+-------------+-----
Unarmed Combat | 3 4 |  4.0
Armour         | 1 |  1.5
Dodging        | 3 |  3.0
Fighting       | |  2.1
Throwing       | |  1.8
Shields        | |  0.1

Action                     |  1- 3 |  4- 6 || total
---------------------------+-------+-------++-------
  Melee: Unarmed           |   137 |    21 ||   158
         Punch             |     1 |     2 ||     3
    Use: Scroll            |       |     3 ||     3
         Potion            |       |     1 ||     1
 Armour: Leather armour    |    33 |       ||    33
         Ring mail         |    32 |    17 ||    49
  Dodge: Dodged            |    86 |    19 ||   105
  Block: Buckler           |       |     3 ||     3

Table legend: (Time is in decaauts)
 A = Elapsed time spent in this place.
 B = Non-inter-level travel time spent in this place.
 C = Inter-level travel time spent in this place.
 D = Time resting spent in this place.
 E = Time spent auto-exploring this place.
 F = Levels seen in this place.
 G = Mean time per level.
                   A        B        C        D        E       F      G
               +--------+--------+--------+--------+--------+-----+--------+
         Total |   1994 |   1766 |    228 |      0 |   1258 |   4 |  498.5 |
       Dungeon |   1994 |   1766 |    228 |      0 |   1258 |   4 |  498.5 |
               +--------+--------+--------+--------+--------+-----+--------+

Top non-repeatable levels by time:
     D:2: 1030 daAuts
     D:1: 887 daAuts
     D:3: 41 daAuts
     D:4: 34 daAuts
